AoeStats
← xuan

Arabia

510267788Analyzed
1v1 RM · 1d ago on Sep 30, 2026· 30m 41s· 2 players
Game mode
Random Map
Map size
Tiny (2 player)
Population
200
Speed
Normal
Resources
Standard
Victory
Conquest
Starting age
Dark Age
Ending age
Imperial Age
RankedLock teamsTeams togetherTeam positionsShared explorationLock speedFull tech treeHidden civsTurbo modeCheats
Victory
Defeat
🇹🇼 Wei · Taiwan
1508
+14
🇨🇦 Vikings · Canada
1461
-14
GawkyBloom79379
7:12 Loom
9:28 Feudal Age
10:33 Double-Bit Axe
12:00 Horse Collar
14:01 Man-at-Arms
16:31 Fletching
22:16 Castle Age
21:10 Scale Mail Armor
21:50 Scale Mail Armor
22:10 Padded Archer Armor
22:39 Gold Mining
22:26 Crossbowman
23:44 Bodkin Arrow
24:43 Squires
27:05 Ballistics
xuan
5:56 Loom
8:40 Feudal Age
9:23 Double-Bit Axe
11:21 Horse Collar
15:27 Wheelbarrow
16:57 Gold Mining
19:38 Castle Age
20:39 Bow Saw
20:39 Fletching
21:09 Husbandry
22:13 Bodkin Arrow
23:18 Padded Archer Armor
25:25 Ballistics
27:06 Thumb Ring
27:53 Stone Mining
30:11 Hand Cart
Connection lost

Rejoining the realm…

Still unreachable

The connection could not be restored.

Session expired

The server has moved on; the page needs a fresh start.